Description

5 hatch mass ling for 2v2

Replay - 2v2 Mass Ling

Build Order

Get SALT Encoding   

  6  0:00  Drone  
  13  0:11  Overlord  
  13  0:16  Drone  
  14  0:30  Drone x3  Rally this to gas, Rally this to make spawning pool
  17  0:43  Extractor  
  17  0:44  Drone  
  17  0:49  Spawning Pool  
  16  0:55  Drone  
  17  1:07  Drone  
  18  1:18  Hatchery  
  17  1:21  Drone  
  18  1:36  Queen  Inject, then move to natural
  18  1:38  Zergling x4  
  22  1:48  Overlord  
  22  1:54  Metabolic Boost  
  22  2:06  Drone  
  23  2:12  Queen  
  26  2:32  Hatchery  
  31  2:57  Overlord  
  34  3:10  Queen  
  42  3:33  Spore Crawler x2  In case of oracle/phoenix
  44  3:42  Overlord x2  
  49  4:00  Evolution Chamber x2  
  52  4:13  Spore Crawler  
  56  4:27  Zerg Melee Weapons Level 1  
  56  4:30  Zerg Ground Armor Level 1  
  57  4:46  Hatchery  macro hatch or 4th base
  57  4:48  Queen  
  70  5:08  Lair  
  70  5:13  Hatchery  macro hatch
  69  5:16  Extractor x2  
  67  5:21  Zergling x12  
  67  5:26  Queen  
  75  5:32  Zergling x4  
  91  6:08  Infestation Pit  
Spawning Tool Build Advisor. Get it on Overwolf

Analysis

This build gets 1/1 lings off of 5 hatcheries by 6:30, while going into hive for adrenal glands and ultralisks. Works best against protoss with an ally who can supply anti-air.

I get 57 drones for 3 base saturation with 3 gases in this build, but you can also just do 51 drones and delay 2/2 upgrades until later while focusing on getting a hive.

Go to:

Details

  • Created by: flashandfoul
  • Published on: Jan 03, 2026
  • Modified on: Jan 03, 2026
  • Patch: 5.0.11
  • Difficulty: Medium
Show
View Real Time Build Order
Export as new Build Order

Comments (0)

There are no comments. Be the first!

Create an account to comment!